[Event "Romanian Rapid Open 2022"]
[Site "Sebes"]
[Date "2022.12.02"]
[Round "7.40"]
[White "Stan, Luciana-Gabriela"]
[Black "Burja-Udrea, Razvan-Andrei"]
[Result "1/2-1/2"]
[ECO "D37"]
[WhiteElo "1823"]
[BlackElo "1365"]
[Annotator "NA RC COMBH"]
[PlyCount "42"]
[EventDate "2022.12.02"]
[EventType "rapid"]
[EventCountry "ROU"]
[SourceTitle "playchess.com"]
[Source "ChessBase"]
[SourceQuality "1"]
[TimeControl "600+5"]

1. Nf3 d5 2. d4 e6 3. c4 Nf6 4. Nc3 Be7 5. Bf4 b6 6. Rc1 c5 7. e3 Bb7 8. Be2 Nbd7 9. O-O O-O 10. Ne5 Rc8 11. Qa4 a6 12. cxd5 exd5 13. Rfd1 b5 14. Qc2 cxd4 15. Nxd7 Qxd7 16. Rxd4 b4 17. Qb3 bxc3 18. bxc3 Rfd8 19. Rb1 Ba8 20. Bxa6 Rc5 21. a4 Ne4 1/2-1/2

[Event "Romanian Rapid Open 2022"]
[Site "Sebes"]
[Date "2022.12.02"]
[Round "8.1"]
[White "Stoleriu, George"]
[Black "Gavrilescu, David"]
[Result "1/2-1/2"]
[ECO "B22"]
[WhiteElo "2389"]
[BlackElo "2523"]
[Annotator "TA"]
[PlyCount "26"]
[EventDate "2022.12.02"]
[EventType "rapid"]
[EventCountry "ROU"]
[SourceTitle "playchess.com"]
[Source "ChessBase"]
[SourceQuality "1"]
[TimeControl "600+5"]

1. e4 e6 2. d4 d5 3. exd5 exd5 4. Nf3 Nf6 5. Bd3 c5 6. c3 c4 {[%emt 0:00:04] B22: Sicilian: 2 c3.} 7. Be2 Bd6 8. O-O O-O {[%emt 0:00:02] The position is equal.} 9. Nbd2 ({White should play} 9. b3 $11) 9... Nc6 $15 10. Re1 {[%emt 0:00:02] [#]} h6 $146 ({Predecessor:} 10... Bf5 11. Nf1 h6 12. Ng3 Bh7 13. h3 Bxg3 14. fxg3 Ne4 15. g4 Qd6 16. Be3 Qg3 {0-1 (39) Orlandi Neto,A (1731)-Dianda,J (2117) Florianopolis 2022}) 11. b3 cxb3 (11... b5 $1 {feels stronger.}) 12. axb3 $11 Bf5 13. Ba3 Re8 {[%emt 0:00:12] Weighted Error Value: White=0.10 (very precise) /Black=0.13 (very precise)} 1/2-1/2